Map: Orbital Shipyard

Players

FrOzen

  • Race: Terran Terran
  • League: Grandmaster

lllllllll (Probe) - Winner!

  • Race: Protoss Protoss
  • League: Master

VOD

Have the link to the VOD?

Description

Time

  • Played on: Feb. 20, 2016, 9:09 p.m.
  • Length: 15:59
Show
View Real Time Build Order
Export as new Build Order

FrOzen Terran 

Build Orders: Reaper Expand, MMM Bio 

Get SALT Encoding   

  12  0:00  SCV  
  13  0:12  SCV  
  14  0:18  Supply Depot  
  14  0:24  SCV  
  15  0:40  SCV  
  15  0:42  Barracks  
  16  0:44  Refinery  
  16  0:52  SCV  
  18  1:04  SCV  
  18  1:16  SCV  
  19  1:28  Reaper  
  19  1:29  Orbital Command  
  20  1:39  Command Center  
  20  1:49  Supply Depot  
  20  1:55  SCV  
  20  2:00  Barracks Reactor  
  21  2:07  SCV  
  22  2:10  Barracks  
  22  2:19  SCV  
  22  2:21  Refinery  
  23  2:29  Factory  
  23  2:31  SCV  
  24  2:38  Marine  
  24  2:39  Marine  
  24  2:43  SCV  
  27  2:51  Orbital Command  
  27  2:56  SCV  
  27  2:57  Marine x2  
  27  2:58  Barracks Tech Lab  
  30  3:08  SCV  
  31  3:17  SCV  
  31  3:19  Marine x3  
  35  3:20  SCV  
  35  3:21  Stimpack  
  35  3:22  Widow Mine  
  37  3:29  Starport  
  37  3:32  SCV  
  37  3:33  SCV  
  39  3:37  Supply Depot  
  39  3:40  Marine x2  
  41  3:42  Marine  
  41  3:46  SCV x2  
  44  3:52  Engineering Bay  
  44  3:55  Widow Mine  
  46  3:59  SCV  
  46  4:00  SCV  
  48  4:03  Supply Depot  
  48  4:05  Medivac  
  48  4:07  Marine  
  48  4:08  Marine  
  52  4:10  Marine  
  54  4:17  SCV  
  54  4:18  Supply Depot  
  54  4:20  Liberator  
  54  4:22  Terran Infantry Weapons Level 1  
  54  4:24  SCV  
  54  4:27  Missile Turret  
  54  4:28  Missile Turret  
  54  4:31  Factory Tech Lab  
  55  4:35  Marine x3  
  61  4:40  SCV  
  61  4:41  SCV  
  61  4:44  Supply Depot  
  63  4:50  Refinery  
  63  4:54  Marine x3  
  63  4:55  SCV  
  63  4:57  SCV  
  68  5:02  Factory Reactor  
  68  5:08  SCV  
  68  5:09  SCV, Barracks  
  68  5:10  Supply Depot  
  70  5:21  Combat Shields, SCV x2  
  70  5:25  Marine x3  
  68  5:45  SCV x2  
  68  5:49  Supply Depot  
  70  5:50  Factory Reactor, Command Center  
  70  5:52  Medivac x2  
  70  5:54  Marine x3, Refinery  
  77  5:59  SCV x2  
  77  6:02  Barracks Tech Lab  
  76  6:11  Barracks  
  76  6:12  Factory Reactor, SCV x2  
  76  6:13  Barracks  
  76  6:16  Terran Infantry Armor Level 1  
  78  6:21  Concussive Shells  
  78  6:22  Marauder, Marine x2  
  78  6:23  Marauder  
  84  6:26  Medivac  
  84  6:27  SCV x2  
  84  6:32  Supply Depot  
  88  6:42  SCV x2  
  88  6:43  Marine x2  
  92  6:54  SCV x2  
  92  6:55  Marauder x2  
  92  7:01  Missile Turret  
  97  7:04  Factory Reactor, Orbital Command  
  97  7:07  Supply Depot  
  97  7:08  SCV x2  
  99  7:12  Medivac x2  
  99  7:13  Marauder, Marine x2  
  99  7:14  Marine x2  
  109  7:16  Marauder  
  111  7:23  Supply Depot  
  111  7:25  Supply Depot  
  111  7:28  SCV x2  
  113  7:34  Orbital Command  
  113  7:35  Missile Turret  
  113  7:42  Engineering Bay, Armory  
  112  7:46  Marauder x3, Marine x3  
  116  7:55  SCV x2  
  116  8:12  SCV x3  
  119  8:13  Missile Turret  
  119  8:23  Marauder x3, Marine x4  
  117  8:34  SCV x3  
  117  8:40  Terran Infantry Weapons Level 2, Terran Infantry Armor Level 2  
  107  8:46  SCV x3  
  99  9:01  Marauder x3, Marine x4  
  108  9:08  Widow Mine x2, SCV x3  
  113  9:10  Medivac  
  115  9:22  SCV x3  
  118  9:24  Marauder  
  118  9:25  Marauder x2  
  118  9:29  Marine x3  
  127  9:32  Marine  
  127  9:34  Medivac  
  130  9:45  SCV x3  
  100  9:57  Marine x2  
  100  9:58  Marauder x3, Marine x2  
  103  10:00  SCV x3  
  95  10:15  Marine x3  
  95  10:18  SCV x3  
  95  10:19  Marauder x3  
  82  10:30  SCV x3  
  81  10:42  SCV x3  
  81  10:47  Marauder x3  
  81  10:48  Marine x3  
  87  10:54  SCV x3  
  87  10:56  Marine  
  87  10:58  Liberator x2  
  87  10:59  Terran Infantry Weapons Level 3  
  85  11:05  Marine  
  85  11:08  SCV  
  85  11:09  SCV x2  
  89  11:16  Widow Mine x2  
  99  11:28  SCV x3  
  99  11:30  Marauder x3, Marine x4  
  112  11:36  Terran Infantry Armor Level 3  
  112  11:44  Barracks  
  112  11:47  Barracks  
  112  11:48  Widow Mine  
  112  11:49  Widow Mine  
  112  11:53  SCV x3  
  119  11:59  Marauder x3, Marine x4  
  129  12:08  SCV x3  
  131  12:20  Missile Turret, SCV x3  
  131  12:21  Marauder  
  136  12:28  Marauder x2  
  140  12:30  Marine  
  140  12:34  Barracks Tech Lab  
  140  12:36  Barracks Reactor  
  141  12:41  Marine x3  
  138  12:50  Supply Depot  
  138  12:51  Supply Depot  
  138  12:52  Marauder  
  138  12:54  Liberator x2  
  138  12:55  Marine  
  140  12:59  Marauder  
  140  13:00  Marauder  
  140  13:12  Marauder  
  148  13:15  Widow Mine x2  
  152  13:22  Marine x4  
  130  13:39  Liberator  
  127  13:41  Marauder x3  
  127  13:42  Marauder  
  131  13:49  Marine x6  
  137  14:02  Marine  
  141  14:03  Marauder  
  141  14:04  Marauder x2  
  147  14:12  Marine x5  
  152  14:27  Marauder x2  
  156  14:33  Supply Depot  
  156  14:35  Supply Depot  
  156  14:45  Marauder  
  157  14:55  Marauder  
  138  15:02  Marauder x2, Marine x5  
  138  15:06  Marauder  
  121  15:08  Orbital Command  
  118  15:17  Marauder  
  118  15:18  Marine  
  118  15:20  Marine  
  128  15:21  SCV x2  
  130  15:32  Missile Turret  
  130  15:37  Marauder  
  130  15:38  Marauder x2  
  130  15:39  Marine  
  130  15:40  Marine x3  
Show
View Real Time Build Order
Export as new Build Order

lllllllll Protoss - Winner!

Build Orders: 1 Gate Expand, Double Forge, Blink Stalkers 

Get SALT Encoding   

  12  0:01  Probe (Chrono Boost)  
  13  0:12  Probe (Chrono Boost)  
  14  0:18  Pylon  
  14  0:22  Probe (Chrono Boost)  
  15  0:36  Probe (Chrono Boost)  
  15  0:37  Gateway  
  16  0:47  Probe (Chrono Boost), Assimilator  
  17  0:57  Probe (Chrono Boost)  
  18  1:08  Probe (Chrono Boost)  
  19  1:18  Nexus  
  19  1:22  Probe (Chrono Boost)  
  20  1:33  Cybernetics Core  
  20  1:34  Probe (Chrono Boost)  
  21  1:41  Assimilator  
  21  1:45  Probe (Chrono Boost)  
  22  1:49  Pylon  
  22  1:55  Probe (Chrono Boost)  
  22  2:10  Mothership Core (Chrono Boost)  
  22  2:13  Stalker  
  26  2:23  Warp Gate  
  26  2:28  Probe (Chrono Boost)  
  27  2:31  Probe (Chrono Boost)  
  28  2:38  Probe (Chrono Boost)  
  28  2:42  Probe (Chrono Boost)  
  29  2:46  Stalker  
  29  2:49  Probe (Chrono Boost)  
  32  2:52  Probe (Chrono Boost)  
  32  2:55  Twilight Council  
  33  3:00  Probe (Chrono Boost)  
  33  3:03  Probe (Chrono Boost)  
  35  3:10  Probe (Chrono Boost)  
  36  3:13  Probe (Chrono Boost)  
  37  3:21  Probe (Chrono Boost)  
  37  3:24  Probe (Chrono Boost)  
  39  3:31  Probe (Chrono Boost)  
  39  3:32  Blink (Chrono Boost)  
  40  3:34  Gateway x2  
  40  3:35  Probe (Chrono Boost)  
  41  3:42  Probe (Chrono Boost)  
  41  3:45  Probe (Chrono Boost), Robotics Facility  
  43  3:51  Pylon  
  43  3:52  Probe (Chrono Boost)  
  44  3:56  Probe (Chrono Boost)  
  44  4:00  Assimilator  
  45  4:03  Probe (Chrono Boost), Assimilator  
  45  4:04  Pylon  
  45  4:08  Probe  
  47  4:11  Pylon  
  47  4:14  Probe  
  48  4:18  Probe  
  49  4:26  Probe  
  49  4:28  Stalker x3  
  49  4:30  Probe  
  56  4:33  Observer (Chrono Boost)  
  58  4:39  Forge  
  58  4:40  Forge  
  58  4:44  Pylon  
  58  4:52  Observer (Chrono Boost)  
  59  4:54  Stalker x2  
  59  4:56  Stalker  
  65  5:09  Observer (Chrono Boost)  
  65  5:12  Pylon  
  66  5:14  Protoss Ground Armor Level 1  
  66  5:16  Protoss Ground Weapons Level 1  
  66  5:23  Adept x3  
  66  5:27  Probe  
  73  5:43  Nexus  
  73  5:45  Pylon  
  72  5:50  Stalker x3, Warp Prism  
  72  5:51  Probe  
  81  6:07  Probe x2  
  83  6:11  Resonating Glaives (Chrono Boost)  
  83  6:17  Sentry x3  
  89  6:19  Probe x2  
  89  6:24  Observer  
  91  6:31  Probe  
  91  6:32  Probe  
  94  6:37  Gateway  
  94  6:39  Gateway  
  94  6:41  Pylon  
  94  6:43  Pylon  
  94  6:47  Pylon  
  94  6:50  Immortal  
  94  6:54  Probe  
  94  6:55  Probe  
  94  7:01  Adept x3  
  106  7:13  Protoss Ground Armor Level 2, Protoss Ground Weapons Level 2  
  106  7:22  Pylon  
  106  7:24  Immortal, Pylon  
  106  7:27  Probe  
  106  7:28  Probe x2  
  112  7:37  Probe  
  112  7:40  Probe x2  
  115  7:47  Adept x3  
  121  7:53  Probe  
  122  8:01  Probe  
  122  8:02  Probe  
  122  8:09  Immortal  
  122  8:12  Nexus  
  120  8:18  Pylon  
  124  8:20  Pylon  
  124  8:21  Adept x5, Pylon  
  124  8:26  Gateway  
  130  8:30  Gateway  
  126  8:43  Stalker  
  126  8:44  Stalker x3  
  126  8:46  Stalker  
  128  8:53  Pylon  
  114  8:56  Pylon  
  110  9:02  Pylon  
  110  9:04  Immortal, Pylon  
  114  9:10  Gateway  
  114  9:11  Gateway  
  114  9:12  Adept x5  
  114  9:13  Gateway  
  124  9:31  Adept x2  
  124  9:34  Dark Shrine  
  128  9:38  Adept x5  
  114  9:58  Stalker x3  
  112  10:06  Adept x4  
  116  10:22  Adept x2  
  116  10:23  Adept x2  
  119  10:33  Adept x3  
  123  10:40  Immortal  
  123  10:43  Sentry x3  
  123  10:45  Probe x2  
  123  10:47  Probe  
  123  10:48  Assimilator x2  
  123  10:49  Assimilator x2  
  136  10:55  Adept x6  
  146  10:57  Probe  
  146  11:03  Robotics Bay  
  139  11:18  Stalker x6  
  141  11:22  Stalker, Probe  
  141  11:23  Probe  
  141  11:24  Probe  
  156  11:27  Warp Prism  
  156  11:28  Dark Templar  
  160  11:33  Probe  
  160  11:36  Probe x2  
  163  11:41  Adept x2  
  163  11:42  Protoss Ground Armor Level 3 (Chrono Boost), Adept x3  
  163  11:43  Probe  
  163  11:44  Protoss Ground Weapons Level 3 (Chrono Boost)  
  174  11:48  Probe  
  174  11:53  Dark Templar  
  177  12:19  Adept x8  
  193  12:25  Extended Thermal Lance  
  191  12:35  Colossus (Chrono Boost)  
  197  12:51  Dark Templar  
  199  13:03  Templar Archives  
  197  13:26  Gateway  
  195  13:27  Gateway  
  195  13:31  Gateway  
  179  13:34  Colossus (Chrono Boost)  
  161  13:44  Psionic Storm  
  161  13:46  High Templar x2  
  161  13:47  High Templar x2  
  169  13:53  Nexus  
  169  13:55  Adept x6  
  171  14:01  Photon Cannon  
  171  14:02  Photon Cannon  
  181  14:05  Pylon  
  181  14:15  Observer Gravitic Boosters  
  181  14:21  Colossus (Chrono Boost)  
  187  14:30  Stalker x6  
  199  14:38  Assimilator  
  199  14:42  Assimilator  
  199  14:47  Photon Cannon  
  199  14:48  Photon Cannon  
  199  14:50  Photon Cannon  
  199  14:52  Pylon  
  197  14:53  Photon Cannon  
  197  14:55  Photon Cannon  
  197  14:57  Photon Cannon  
  147  15:08  Stalker x3, Observer (Chrono Boost)  
  147  15:09  Stalker x7  
  168  15:26  Observer (Chrono Boost)  
  167  15:44  Adept x4  
  167  15:45  Adept x7  
Tags
 
Add a new tag
Caveats
  • Supply blocks, unpowered buildings, or Contaminate may cause inaccurate times.
  • Supply counts are checked every 10 seconds.